 Dungeon Crawl Stone Soup version 0.19.0-20-gbc5f0c6 (webtiles) character file.

103 dracos369 the Slasher (level 4, 0/28 HPs)
             Began as a Tengu Abyssal Knight on Nov 17, 2016.
             Was a Believer of Lugonu.
             Succumbed to an adder's poison
             ... on level 2 of the Dungeon.
             The game lasted 00:04:56 (2807 turns).

dracos369 the Slasher (Tengu Abyssal Knight)        Turns: 2807, Time: 00:04:56

Health: 0/28       AC:  4    Str: 13    XL:     4   Next: 79%
Magic:  6/6        EV: 11    Int: 12    God:    Lugonu [**....]
Gold:   93         SH:  0    Dex: 14    Spells: 0 memorised, 3 levels left

rFire  . . .     SeeInvis .     a - +1 falchion
rCold  . . .     Gourm    .     b - +0 leather armour
rNeg   . . .     Faith    .     (no shield)
rPois  .         Spirit   .     (helmet restricted)
rElec  .         Reflect  .     (no cloak)
rCorr  .         Harm     .     e - +0 pair of gloves
MR     .....                    (boots unavailable)
Stlth  +.........               (no amulet)
                                (no ring)
                                (no ring)

@: lethally poisoned (0 -> -12)
A: beak, talons 3
a: Depart the Abyss, Bend Space, Renounce Religion


You were on level 2 of the Dungeon.
You worshipped Lugonu.
Lugonu was pleased with you.
You were not hungry.

You visited 1 branch of the dungeon, and saw 2 of its levels.
You visited the Abyss 1 time.

You collected 93 gold pieces.

Inventory:

Hand Weapons
 a - a +1 falchion (weapon)
Armour
 b - a +0 leather armour (worn)
 e - a +0 pair of gloves (worn)
Scrolls
 d - a scroll of teleportation
 g - a scroll of identify
 h - a scroll of remove curse
 j - a scroll of noise {unknown}
Comestibles
 c - a bread ration
 i - a slice of pizza


   Skills:
 - Level 3.0 Fighting
 + Level 5.3 Long Blades
 - Level 2.1 Armour
 - Level 1.1 Dodging
 - Level 1.5 Invocations


You had 3 spell levels left.
You didn't know any spells.

Dungeon Overview and Level Annotations

Branches:
Dungeon (2/15)

Altars:
Fedhas


Innate Abilities, Weirdness & Mutations

You have a beak for a mouth.
You have claws for feet.


Message History

You are more poisoned.
The adder poisons you! The adder barely misses you.
You aren't carrying any potions.
You hit the adder.
The adder is severely wounded.
* * * LOW HITPOINT WARNING * * *
You feel sick. The adder barely misses you.
You hit the adder.
You kill the adder!
Lugonu accepts your kill.
* * * LOW HITPOINT WARNING * * *
You feel sick.
* * * LOW HITPOINT WARNING * * *
You feel sick.
You see here an adder corpse.
Unknown command.
As you read the scroll labeled BOYJOE VISHE, it crumbles to dust.
It is a scroll of identify.
h - a scroll of remove curse You die...

#####################
#...................#
###...#...#...#...#..#
#..................._#
#####.#...#...#...#...#..#
#........@...............#
#.########################
#............##....(....##
#S.#########.##.####...##
######.(# #.##.# ##..#
#.......# #.##.# #.)###
#.......# #.##.# #.....
#.......# #.##.# #.####
#......##### #.##.# #.#


There were no monsters in sight!

Vanquished Creatures
  4 adders (D:2)
  An ooze (D:2)
  3 worms (D:2)
  2 dart slugs
  A leopard gecko (D:1)
  4 giant cockroaches
  6 goblins
  6 hobgoblins
  3 jackals (D:2)
  8 bats
  3 frilled lizards
  5 kobolds
  7 rats
53 creatures vanquished.

Notes
Turn   | Place    | Note
-------+----------+-------------------------------------------
     0 | Abyss:1  | dracos369 the Tengu Abyssal Knight began the quest for the Orb.
     0 | Abyss:1  | Reached XP level 1. HP: 14/14 MP: 3/3
    37 | D:1      | Escaped the Abyss
   446 | D:1      | Reached skill level 3 in Long Blades
   446 | D:1      | Reached XP level 2. HP: 12/19 MP: 4/4
  1010 | D:1      | Reached XP level 3. HP: 21/23 MP: 5/5
  1176 | D:2      | Reached ** piety under Lugonu
  1176 | D:2      | Reached skill level 4 in Long Blades
  1242 | D:2      | Found a blossoming altar of Fedhas.
  1934 | D:2      | Reached XP level 4. HP: 28/28 MP: 6/6
  2193 | D:2      | Reached skill level 5 in Long Blades
  2480 | D:2      | HP: 1/28 [poisoned by an adder]
  2805 | D:2      | HP: 1/28 [poisoned by an adder]
  2807 | D:2      | Succumbed to an adder's poison

Skill      XL: |  1  2  3  4 |
---------------+-------------+-----
Long Blades    | 3 4 5 |  5.3
Fighting       | |  3.0
Armour         | |  2.1
Dodging        | |  1.1
Invocations    | |  1.5

Action                   |  1- 3 |  4- 6 || total
-------------------------+-------+-------++-------
Melee: Falchion          |    76 |    55 ||   131
       Kick              |    16 |    13 ||    29
       Peck              |    15 |     9 ||    24
  Use: Scroll            |       |     2 ||     2
  Eat: Chunk             |     3 |     3 ||     6
Armor: Leather armour    |    13 |    15 ||    28
Dodge: Dodged            |    59 |    26 ||    85
       Rpst.: Falchion   |    17 |    11 ||    28
